 Dungeon Crawl Stone Soup version 0.19.1 (webtiles) character file.

143 Host24 the Skirmisher (level 5, 0/35 HPs)
             Began as a Kobold Hunter on Dec 26, 2016.
             Slain by Grinder (6 damage)
             ... on level 3 of the Dungeon.
             The game lasted 00:07:05 (2680 turns).

Host24 the Skirmisher (Kobold Hunter)               Turns: 2680, Time: 00:07:06

Health: 0/35       AC:  2    Str: 10    XL:     5   Next: 50%
Magic:  5/5        EV: 16    Int: 12    God:
Gold:   195        SH:  0    Dex: 16    Spells: 0 memorised, 4 levels left

rFire  . . .     SeeInvis .     a - +1 hand crossbow
rCold  . . .     Gourm    .     w - +0 robe
rNeg   . . .     Faith    .     (shield restricted)
rPois  .         Spirit   .     (no helmet)
rElec  .         Reflect  .     (no cloak)
rCorr  .         Harm     .     (no gloves)
MR     .....                    (no boots)
Stlth  ++........               s - amulet of regeneration
                                (no ring)
                                (no ring)

@: no status effects
A: carnivore 3
a: no special abilities


You were on level 3 of the Dungeon.
You were completely stuffed.

You visited 1 branch of the dungeon, and saw 3 of its levels.

You collected 195 gold pieces.

Inventory:

Hand Weapons
 a - a +1 hand crossbow (weapon)
 b - a +0 short sword
 e - a +0 dagger
 h - a +0 spear
 x - a +1 war axe of chopping
Missiles
 d - 43 bolts (quivered)
 g - 69 stones
 p - 77 arrows
Armour
 c - a +0 leather armour
 w - a +0 robe (worn)
Jewellery
 s - an amulet of regeneration (around neck)
Scrolls
 i - 2 scrolls of remove curse
 j - a scroll of fear {unknown}
 o - a scroll of fog {unknown}
 r - a scroll of teleportation {unknown}
 u - a scroll of identify
 z - 2 scrolls of enchant weapon {unknown}
 A - a scroll of recharging {unknown}
 B - a scroll of enchant armour {unknown}
Potions
 k - a potion of resistance {unknown}
 l - a potion of berserk rage {unknown}
 m - a potion of haste {unknown}
 n - 3 potions of brilliance {unknown}
 q - a potion of lignification {unknown}
 v - a potion of agility {unknown}
Books
 y - a book of Changes

   Spells                             Type                      Level
   a - Beastly Appendage              Transmutation                1
   b - Sticks to Snakes               Transmutation                2
   c - Spider Form                    Transmutation/Poison         3
   d - Ice Form                       Ice/Transmutation            4
   e - Blade Hands                    Transmutation                5
Comestibles
 f - 3 meat rations
 t - a slice of pizza


   Skills:
 - Level 5.0 Fighting
 - Level 4.8 Crossbows
 + Level 3.4 Dodging
 - Level 2.3 Stealth


You had 4 spell levels left.
You didn't know any spells.

Dungeon Overview and Level Annotations

Branches:
Dungeon (3/15)

Altars:

Annotations:
D:3 Grinder


Innate Abilities, Weirdness & Mutations

You are small and have problems with some larger weapons.
You are carnivorous and can eat meat at any time.


Message History

Press: ? - help, Shift-Dir - straight line, f/p - Grinder
Aim: Grinder (heavily wounded)
You shoot a bolt. The bolt hits Grinder!
Grinder is severely wounded.
Grinder completely misses you. Grinder barely misses you.
Firing (i - inventory. (,) - cycle):
d - 45 bolts (quivered)
Press: ? - help, Shift-Dir - straight line, f/p - Grinder
Aim: Grinder (severely wounded)
You shoot a bolt. The bolt hits Grinder.
Grinder is severely wounded.
Grinder hits you.
* * * LOW HITPOINT WARNING * * *
Firing (i - inventory. (,) - cycle):
d - 44 bolts (quivered)
Press: ? - help, Shift-Dir - straight line, f/p - Grinder
Aim: Grinder (severely wounded)
You shoot a bolt.
The bolt hits Grinder but does no damage.
Grinder is severely wounded.
Grinder hits you.
You die...

......##....#
.......).#..#
..†)..##..<##
#...#.###.## ..........#
########### # ###..#
###.'..###############.#
....#####(.....5@(....(#
####<# #.##############
#.# #.# #.# #.# ####.#
#.# ..##.####.#
#.##......# #.#########
#.#


You could see Grinder.

Vanquished Creatures
  An orc wizard (D:3)
  5 adders
  An ooze (D:2)
  2 worms (D:2)
  2 dart slugs (D:1)
  4 orcs (D:3)
  A ball python (D:1)
  A giant cockroach (D:3)
  6 goblins
  5 hobgoblins
  2 jackals (D:2)
  6 kobolds
  A quokka (D:2)
  8 bats
  4 frilled lizards
  7 rats
56 creatures vanquished.

Notes
Turn   | Place    | Note
-------+----------+-------------------------------------------
     0 | D:1      | Host24 the Kobold Hunter began the quest for the Orb.
     0 | D:1      | Reached XP level 1. HP: 12/12 MP: 1/1
   353 | D:1      | Reached XP level 2. HP: 11/18 MP: 2/2
   513 | D:1      | Reached skill level 3 in Fighting
   840 | D:1      | Reached XP level 3. HP: 20/23 MP: 3/3
  1393 | D:2      | Reached skill level 4 in Fighting
  1653 | D:2      | Reached XP level 4. HP: 29/29 MP: 4/4
  2424 | D:3      | Reached skill level 5 in Fighting
  2424 | D:3      | Reached XP level 5. HP: 20/35 MP: 5/5
  2660 | D:3      | Noticed Grinder
  2665 | D:3      | Paralysed by Grinder for 5 turns
  2680 | D:3      | Slain by Grinder

Skill      XL: |  1  2  3  4 |
---------------+-------------+-----
Fighting       | 3 4 5 |  5.0
Dodging        | 3 |  3.4
Stealth        | 2 |  2.3
Crossbows      | |  4.8

Action                   |  1- 3 |  4- 6 || total
-------------------------+-------+-------++-------
Melee: Unarmed           |    13 |       ||    13
       Hand crossbow     |     7 |       ||     7
       Short sword       |    79 |    88 ||   167
       War axe           |       |     8 ||     8
 Fire: Hand crossbow     |     2 |    29 ||    31
Throw: Stone             |       |     1 ||     1
  Use: Scroll            |       |     2 ||     2
 Stab: Sleeping          |     2 |     3 ||     5
  Eat: Chunk             |    10 |     4 ||    14
Armor: Leather armour    |    20 |    16 ||    36
       Robe              |       |     1 ||     1
Dodge: Dodged            |    91 |    86 ||   177
